 Dungeon Crawl Stone Soup version 0.29.1-1-gd02db6906a (webtiles) character file.

Game seed: 5768524435870969542

13561 RascalDebosk the Thaumaturge (level 12, -10/91 HPs)
             Began as a Djinni Air Elementalist on Oct 21, 2022.
             Was an Initiate of Ashenzari.
             Mangled by Fannar
             ... wielding a +0 quarterstaff of freezing
              (40 damage)
             ... on level 10 of the Dungeon.
             The game lasted 01:45:20 (15746 turns).

RascalDebosk the Thaumaturge (DjAE)                Turns: 15746, Time: 01:45:21

Health: -10/91     AC: 10    Str:  7    XL:     12   Next: 34%
Gold:   788        EV: 13    Int: 29    God:    Ashenzari [......] SH:  0 Dex: 13

rFire   + + .      SeeInvis .   t - +2 long sword
rCold   x . .      Faith    .   (no shield)
rNeg    . . .      Spirit   .   N - +3 troll leather armour
rPois   ∞          Reflect  .   (no helmet)
rElec   .          Harm     .   (no cloak)
rCorr   .          Rampage  .   L - +2 pair of gloves "Chained Gnosis" {Cun, Self} (curse)
Will    +....                   (boots unavailable)
Stlth   +++.......              (no amulet)
HPRegen 1.05/turn               a - +6 ring of intelligence
MPRegen 0.00/turn               G - ring of wizardry

@: flying
A: sickness immunity, fire resistance 2, cold vulnerability 1, float, innate
caster, HP casting, extra vitality 1
a: Renounce Religion, Curse Item, Shatter the Chains


You were on level 10 of the Dungeon.
You worshipped Ashenzari.
Ashenzari was noncommittal.
You visited 2 branches of the dungeon, and saw 11 of its levels.
You also visited: Bailey.

You collected 788 gold pieces.

Inventory:

Hand Weapons
 t - a +2 long sword (weapon)
 I - a -1 demon whip of venom
 J - a +4 trident
Armour
 l - a +1 robe
 p - a +2 robe of willpower
 L - the cursed +2 pair of gloves "Chained Gnosis" (worn) {Cun, Self}
   (You found it on level 7 of the Dungeon)

   It has a curse which improves the following skills: Cunning: Dodging and
   Stealth.
   Introspection: Fighting and Spellcasting.
 N - a +3 troll leather armour (worn)
Magical Staves
 y - a staff of cold
Jewellery
 a - a +6 ring of intelligence (left hand)
 G - a ring of wizardry (right hand)
Wands
 m - a wand of charming (9)
 s - a wand of mindburst (9)
 B - a wand of digging (6)
Scrolls
 c - 2 scrolls of immolation
 d - a scroll of magic mapping
 f - a scroll of fog
 g - 2 scrolls of blinking
 j - 2 scrolls of noise
 n - 2 scrolls of silence
 u - a scroll of summoning
 x - a scroll of teleportation {unknown}
 z - a scroll of fear
 A - a scroll of brand weapon {unknown}
 M - a scroll of vulnerability {unknown}
Potions
 b - 4 potions of brilliance
 h - 2 potions of resistance
 i - 2 potions of might {unknown}
 k - 7 potions of lignification
 o - 4 potions of flight
 q - a potion of ambrosia {unknown}
 r - a potion of cancellation {unknown}
 v - 2 potions of haste
 C - 2 potions of attraction {unknown}
 D - a potion of curing {unknown}
 E - a potion of mutation {unknown}
 F - a potion of experience {unknown}
 H - 2 potions of invisibility {unknown}
Miscellaneous
 e - a piece from Xom's chessboard (15/15)
 w - a phantom mirror


   Skills:
 + Level 9.7(10.2) Fighting
 + Level 3.6 Long Blades
 - Level 5.0(5.4) Dodging
 - Level 5.0(5.4) Stealth
 * Level 10.8(11.3) Spellcasting
 - Level 5.0 Evocations


You had 9 spell levels left.
You knew the following spells:

 Your Spells              Type           Power      Damage    Failure   Level
a - Shock                 Conj/Air       100%       1d9       1%          1
b - Static Discharge      Conj/Air       69%        3-12/arc  1%          2
c - Swiftness             Air            69%        N/A       1%          3
d - Airstrike             Air            34%        2d(5-21)  1%          4
e - Sting                 Tmut/Pois      100%       1d8       1%          1
f - Blink                 Tloc           100%       N/A       1%          2
g - Dazzling Flash        Conj/Hex       100%       N/A       1%          3
h - Stone Arrow           Conj/Erth      100%       3d13      1%          3
i - Borgnjor's Vile Clut  Necr/Erth      34%        N/A       1%          5
Your spell library was empty.

Dungeon Overview and Level Annotations

Branches:
Dungeon (10/15)            Temple (1/1) D:4            Lair (0/5) D:10
 Bailey (visited)
    Orc: D:9-12

Altars:
Ashenzari
Cheibriados
Dithmenos
Elyvilon
Fedhas
Gozag
Hepliaklqana
Makhleb
Nemelex Xobeh
Okawaru
Qazlal
Ru
Trog
Uskayaw
Wu Jian
Xom
Yredelemnul
Zin
The Shining One

Annotations:
D:9 2 transporters, LustLizard's ghost, novice DjFE
D:10 Fannar


Innate Abilities, Weirdness & Mutations

You are immune to sickness and miasma.
You are immune to poison.
Your flesh is very heat resistant. (rF++)
You are vulnerable to cold. (rC-)
You float through the air rather than walking.
You learn spells naturally, not from books.
Your magical power is your life essence.
You have superior vitality. (+4 MHP)


Message History

Found a book of Maledictions.
There is an open door here.
You reach down and open the door.
There is an open door here.
A hornet comes into view.
Found a scroll of identify.
The hornet buzzes angrily.
Casting: Airstrike (safe; 1% risk of failure)
Confirm with . or Enter, or press ? or * to list all spells.
Aiming: Airstrike (safe; 1% risk of failure)
Press: ? - help, Dir - move target, f - hornet
Aim: a hornet (empty space bonus: 8/8)
The air twists around and strikes the hornet!
The hornet is moderately wounded.
Casting: Airstrike (safe; 1% risk of failure)
Confirm with . or Enter, or press ? or * to list all spells.
Aiming: Airstrike (safe; 1% risk of failure)
Press: ? - help, Dir - move target, f/p - hornet
Aim: a hornet (moderately wounded, empty space bonus: 5/8)
The air twists around and strikes the hornet!!
The hornet is severely wounded.
Casting: Airstrike (safe; 1% risk of failure)
Confirm with . or Enter, or press ? or * to list all spells.
Aiming: Airstrike (safe; 1% risk of failure)
Press: ? - help, Dir - move target, f/p - hornet
Aim: a hornet (severely wounded, empty space bonus: 5/8)
The air twists around and strikes the hornet!
You kill the hornet!
You start resting.
HP restored.
You now have 714 gold pieces (gained 10).
i - 2 scrolls of identify (gained 1)
As you read the scroll of identify, it crumbles to dust.
o - 4 potions of flight
As you read the scroll of identify, it crumbles to dust.
v - 2 potions of haste You see here a hornet corpse.
You reach down and open the door.
There is an open door here.
You reach down and open the door.
There is an open door here.
Found a shimmering altar of Xom.
i - 2 black potions You reach down and open the door.
There is an open door here.
You now have 732 gold pieces (gained 18).
You now have 747 gold pieces (gained 15).
You now have 754 gold pieces (gained 7).
You now have 765 gold pieces (gained 11).
You now have 776 gold pieces (gained 11).
There is a shimmering altar of Xom here.
There is an open door here.
H - 2 puce potions (gained 1)
You reach down and open the door.
There is an open door here.
Found an escape hatch in the floor.
You now have 788 gold pieces (gained 12).
As you open the door, it creaks loudly!
Found a hide-covered altar of Uskayaw.
There is an open door here.
There is a hide-covered altar of Uskayaw here.
You reach down and open the door.
There is an open door here.
Found an escape hatch in the ceiling.
You reach down and open the door.
There is an open door here.
Ashenzari invites you to partake of a vision and a curse of ranged combat and fortitude.
Fannar the Cold-Hearted comes into view.
They are wielding a +0 quarterstaff of freezing and wearing a +1 robe of cold resistance.
Press: ? - help, v - describe, . - travel
Here: Fannar, wielding a +0 quarterstaff of freezing, wearing a +1 robe of cold resistance and wearing a ring of ice (asleep)
The floor.
Casting: Airstrike (safe; 1% risk of failure)
Confirm with . or Enter, or press ? or * to list all spells.
You can't see any susceptible monsters within range! (Use Z to cast anyway.)
Casting: Airstrike (safe; 1% risk of failure)
Confirm with . or Enter, or press ? or * to list all spells.
Aiming: Borgnjor's Vile Clutch (mildly dangerous; 1% risk of failure)
Press: ? - help, Shift-Dir - straight line, f - Fannar
Aim: Fannar, wielding a +0 quarterstaff of freezing, wearing a +1 robe of cold resistance and wearing a ring of ice (asleep, 100% to hit)
Fannar shouts!
Zombie hands grab Fannar.
The zombie hands constrict Fannar.
Fannar gestures wildly while chanting.
Fannar drains the heat from the surrounding environment!
You feel a terrible chill!
Ouch! That really hurt!
* * * LOW HITPOINT WARNING * * *
Casting: Borgnjor's Vile Clutch (mildly dangerous; 1% risk of failure)
Confirm with . or Enter, or press ? or * to list all spells.
Aiming: Airstrike (safe; 1% risk of failure)
Press: ? - help, Dir - move target, f/p - Fannar
Aim: Fannar, wielding a +0 quarterstaff of freezing, wearing a +1 robe of cold resistance and wearing a ring of ice (constricted by zombie hands, empty space bonus: 5/8)
The air twists around and strikes Fannar.
Fannar is lightly wounded.
* * * LOW HITPOINT WARNING * * *
The zombie hands constrict Fannar.
Fannar gestures wildly while chanting.
Fannar drains the heat from the surrounding environment!
You feel a terrible chill!
You die...

*,,##.....##...##..
#...##...###...###.
#..e,##### #...# ##
#...##...###...###.
#..##.....##...##..
#..#.......#...#...
#..#......('...'...
#..#.......#...#...
#.@##.....##...##..
######...##...###...###.
#.........##### #...# ##
#..<.....##,,,**#...###.
#.......##,,,,,*#...##..
#.......#,,,,,,,#...#...
#.......#,,,,,,,+...'†.)
#.......#,,,,,,,#...#...
##.......##,,,,,##...##..


You could see Fannar (clutched).

Vanquished Creatures
  A two-headed ogre (D:10)
  Amaemon (D:8)
  Pikel (D:7)
  An ugly thing (D:9)
  An orange demon (D:8)
  3 kobold demonologists
  A hornet (D:10)
  3 trolls
  2 wraiths (D:10)
  A vampire (D:9)
  3 wyverns
  21 yaks
  Eustachio (D:5)
  3 steam dragons
  Menkaure (D:7)
  2 water moccasins
  2 ice beasts
  A sky beast (D:7)
  12 orc warriors
  A black bear (D:6)
  2 ogres
  13 centaurs
  2 lemures (D:7)
  2 phantoms (D:6)
  4 kobold brigands
  4 bullfrogs
  5 scorpions
  3 wights (D:6)
  10 killer bees
  5 hounds
  2 orc priests
  A gnoll bouda (D:7)
  4 iguanas
  An orc wizard (D:7)
  4 gnolls (D:7)
  7 adders
  An ufetubus (D:6)
  3 worms
  2 dart slugs
  49 orcs
  10 bats
  3 endoplasms
  4 giant cockroaches
  6 goblins
  8 hobgoblins
  13 jackals
  4 quokkas
  6 ball pythons
  A frilled lizard (D:2)
  21 kobolds
  4 rats
266 creatures vanquished.

Vanquished Creatures (collateral kills)
  2 kobolds (D:7)
2 creatures vanquished.

Grand Total: 268 creatures vanquished

Notes
Turn   | Place    | Note
-------+----------+-------------------------------------------
     0 | D:1      | RascalDebosk the Djinni Air Elementalist began the quest
                  | for the Orb.
     0 | D:1      | RascalDebosk set off with the following spells memorised:
                  | Shock, Static Discharge, Swiftness, Airstrike.
     0 | D:1      | Reached XP level 1. HP: 15/15 MP: 0/0
   133 | D:1      | Reached XP level 2. HP: 21/22 MP: 0/0
   198 | D:1      | Found a faded altar of an unknown god.
   725 | D:1      | Reached skill level 1 in Fighting
   765 | D:1      | Reached XP level 3. HP: 25/27 MP: 0/0
   765 | D:1      | Learned a level 1 spell: Sting
  1275 | D:2      | Reached skill level 3 in Spellcasting
  1357 | D:2      | Reached XP level 4. HP: 29/32 MP: 0/0
  2061 | D:2      | Found a basalt altar of Yredelemnul.
  2473 | D:2      | Reached XP level 5. HP: 34/38 MP: 0/0
  2473 | D:2      | Learned a level 2 spell: Blink
  3864 | D:4      | Reached XP level 6. HP: 22/45 MP: 0/0
  4017 | D:4      | Found a staircase to the Ecumenical Temple.
  4025 | Temple   | Entered the Ecumenical Temple
  4170 | Temple   | Became a worshipper of Ashenzari the Shackled
  4605 | D:4      | Reached skill level 4 in Spellcasting
  4851 | D:5      | Entered Level 5 of the Dungeon
  5087 | D:5      | Noticed a water moccasin
  5091 | D:5      | Identified the +3 ring mail "Pasuoc" {Int+6}
  5095 | D:5      | Killed a water moccasin
  5096 | D:5      | Reached XP level 7. HP: 46/50 MP: 0/0
  5096 | D:5      | Learned a level 3 spell: Dazzling Flash
  5186 | D:5      | Noticed Eustachio
  5199 | D:5      | Killed Eustachio
  5370 | D:5      | Reached skill level 5 in Spellcasting
  5595 | D:5      | Reached skill level 5 in Dodging
  5595 | D:5      | Reached XP level 8. HP: 28/58 MP: 0/0
  6123 | D:5      | Reached skill level 1 in Evocations
  6996 | D:6      | Reached skill level 6 in Spellcasting
  7329 | D:6      | Reached skill level 5 in Fighting
  7329 | D:6      | Reached XP level 9. HP: 53/65 MP: 0/0
  7329 | D:6      | Learned a level 3 spell: Stone Arrow
  7925 | D:7      | HP: 1/65 [orc warrior/+0 trident (15)]
  8224 | D:7      | Noticed Menkaure
  8226 | D:7      | Killed Menkaure
  8449 | D:7      | Reached skill level 7 in Spellcasting
  9318 | D:7      | Reached XP level 10. HP: 58/72 MP: 0/0
  9389 | D:7      | Noticed Pikel
  9398 | D:7      | Killed Pikel
  9399 | D:7      | Reached skill level 5 in Evocations
  9558 | D:7      | Reached skill level 8 in Spellcasting
 10259 | D:8      | Noticed Amaemon
 10260 | D:8      | Noticed an orange demon
 10272 | D:8      | Killed Amaemon
 10273 | D:8      | Killed an orange demon
 10364 | D:8      | Found a flagged portal.
 10373 | Bailey   | Entered a bailey
 11506 | Bailey   | Reached XP level 11. HP: 69/81 MP: 0/0
 11506 | Bailey   | Learned a level 5 spell: Borgnjor's Vile Clutch
 11509 | Bailey   | Reached skill level 9 in Spellcasting
 12113 | D:8      | Noticed a soul eater
 12882 | D:9      | Noticed a purple ugly thing
 12890 | D:9      | Killed a purple ugly thing
 12891 | D:9      | Reached skill level 5 in Stealth
 13083 | D:9      | Noticed a two-headed ogre
 13085 | D:9      | Found a transporter.
 13086 | D:9      | Noticed LustLizard's ghost (novice DjFE)
 13094 | D:9      | Noticed a two-headed ogre
 13101 | D:9      | Identified the +7 dire flail "Zuysm" {vorpal, rPois rN+
                  | Str-5 Int+2 Stlth+}
 13101 | D:9      | Identified the +8 giant spiked club of Woskaem {vorpal,
                  | Dex+3}
 13101 | D:9      | Noticed a two-headed ogre
 13212 | D:9      | Reached skill level 10 in Spellcasting
 13597 | D:9      | Reached skill level 1 in Long Blades
 13773 | D:9      | Identified the +0 leather armour of Winter {rF+ rN+}
 14217 | D:9      | Reached XP level 12. HP: 70/91 MP: 0/0
 14364 | D:9      | Noticed a two-headed ogre
 14367 | D:9      | Noticed a two-headed ogre
 14607 | D:9      | Found a transporter.
 14643 | D:10     | Entered Level 10 of the Dungeon
 14649 | D:10     | HP: 2/91 [/static electricity (6)]
 15132 | D:10     | Noticed a two-headed ogre
 15138 | D:10     | Killed a two-headed ogre
 15614 | D:10     | Found a shimmering altar of Xom.
 15712 | D:10     | Found a hide-covered altar of Uskayaw.
 15743 | D:10     | Noticed Fannar
 15746 | D:10     | Mangled by Fannar

Illustrated notes

Levels and vault maps discovered:
D:1:      amcnicky_arrival_abandoned_market, layout_basic,
          nicolae_ecumenical_lake_church
D:2:      layout_basic, basic_altar
D:3:      layout_loops_ring, chequers_serial_rivers_small_a, minivault_19
D:4:      layout_loops_cross, minmay_temple_entry_trees, supply_closet_lemuel
D:5:      layout_basic, hangedman_decor_opposing, kennysheep_generic_room_12,
          uniq_eustachio
D:6:      layout_rooms
D:7:      layout_loops_ring, chequers_garden, grunt_ministairs_8, uniq_pikel,
          uniq_menkaure
D:8:      layout_basic, enter_bailey_8, minmay_misc_feat_columns, uniq_amaemon
D:9:      layout_basic, gammafunk_ghost_smash, kb_lookout_dungeons_type,
          lemuel_flamethrower_hall
D:10:     kennysheep_six_static_rooms, layout_irregular_city,
          amcnicky_altar_gilded, kennysheep_mini_moat,
          ebering_dispersal_statue_hall, uniq_fannar
Temple:   mainiacjoe_temple_cubbyholes

Skill      XL: |  1  2  3  4  5  6  7  8  9 10 11 12 |
---------------+-------------------------------------+-----
Fighting       | 1 2 3 5 6 7 9 |  9.7
Spellcasting   | 3 4 5 6 7 8 10 | 10.8
Dodging        | 3 4 5 |  5.0
Evocations     | 2 4 5 |  5.0
Stealth        | 3 5 |  5.0
Long Blades    | 2 3 |  3.6

Action                   |  1- 3 |  4- 6 |  7- 9 | 10-12 || total
-------------------------+-------+-------+-------+-------++-------
Melee: Unarmed           |     1 |       |       |       ||     1
       Short sword       |       |     3 |       |       ||     3
       Long sword        |       |     7 |     1 |       ||     8
       Trident           |       |       |       |     3 ||     3
 Cast: Shock             |    46 |   128 |   166 |   171 ||   511
       Static Discharge  |     1 |     5 |    34 |    40 ||    80
       Airstrike         |       |       |     5 |    71 ||    76
       Swiftness         |       |       |     1 |     2 ||     3
       Dazzling Flash    |       |       |     1 |       ||     1
       Borgnjor's Vile C |       |       |       |    24 ||    24
       Blink             |       |       |       |     1 ||     1
       Stone Arrow       |       |       |       |     6 ||     6
Invok: Curse Item        |       |       |       |     1 ||     1
Evoke: Wand              |       |       |       |     2 ||     2
  Use: Scroll            |       |     8 |     5 |    13 ||    26
       Potion            |       |       |     1 |     5 ||     6
Armor: Robe              |     1 |     7 |    16 |    14 ||    38
Dodge: Dodged            |     2 |    23 |    53 |    49 ||   127
